 Dungeon Crawl Stone Soup version 0.29-a0-322-g68df515428 (webtiles) character file.

Game seed: 15965641402204765179

168 siradein the Changer (level 5, -3/33 HPs)
             Began as an Octopode Transmuter on Apr 8, 2022.
             Slain by a gnoll
             ... wielding a +0 halberd
              (8 damage)
             ... on level 4 of the Dungeon.
             The game lasted 00:08:53 (3111 turns).

siradein the Changer (Octopode Transmuter)          Turns: 3111, Time: 00:08:54

Health: -3/33      AC:  1    Str: 10    XL:     5   Next: 48%
Magic:  8/8        EV: 13    Int: 20    God:
Gold:   153        SH:  0    Dex: 12    Spells: 2/8 levels left

rFire   . . .      SeeInvis +   i - +4 mace "Gaoporr" {flame, *Noise rPois Int+3}
rCold   . . .      Faith    .   (no shield)
rNeg    . . .      Spirit   .   (helmet restricted)
rPois   +          Reflect  .   (no amulet)
rElec   .          Harm     .   d - ring of see invisible
rCorr   .          Rampage  .   (no ring)
Will    .....                   (no ring)
Stlth   ++........              (no ring)
HPRegen 0.11/turn               (no ring)
MPRegen 0.11/turn               (no ring)
                                (no ring)
                                (no ring)

@: no status effects
A: almost no armour, amphibious, 8 rings, camouflage 1, gelatinous body 1,
(nimble swimmer 1), tentacles
a: no special abilities


You were on level 4 of the Dungeon.
You visited 1 branch of the dungeon, and saw 4 of its levels.

You collected 175 gold pieces.
You spent 22 gold pieces at shops.

Inventory:

Hand Weapons
 i - the +4 mace "Gaoporr" (weapon) {flame, *Noise rPois Int+3}
   (You found it on level 2 of the Dungeon)

   It burns those it strikes, dealing additional fire damage.
   Int:       It affects your intelligence (+3).
   rPois:     It protects you from poison.
   *Noise:    It may make noises in combat.
Jewellery
 d - a ring of see invisible (left tentacle)
Wands
 l - a wand of paralysis (18)
Scrolls
 c - a scroll of enchant weapon
 e - 2 scrolls of fog {unknown}
 g - a scroll of teleportation
 h - a scroll of acquirement {unknown}
 k - a scroll of magic mapping {unknown}
Potions
 a - a potion of lignification
 b - a potion of haste
 f - a potion of heal wounds {unknown}
 j - 2 potions of curing
 m - a potion of magic {unknown}


   Skills:
 - Level 1.0 Fighting
 - Level 2.0 Dodging
 - Level 3.0 Unarmed Combat
 - Level 2.0 Spellcasting
 + Level 4.5 Transmutations
 + Level 3.4 Poison Magic


You had 2 spell levels left.
You knew the following spells:

 Your Spells              Type           Power      Damage    Failure   Level
a - Beastly Appendage     Tmut           40%        N/A       2%          1
b - Wereblood             Tmut           20%        N/A       3%          2
c - Spider Form           Tmut/Pois      18%        N/A       9%          3

Your spell library contained the following spells:

 Spells                   Type           Power      Damage    Failure   Level
 Passwall                 Tmut/Erth      9%         N/A       10%         2
 Ensorcelled Hibernation  Hex/Ice        4%         N/A       24%         2
 Dazzling Flash           Conj/Hex       4%         N/A       43%         3
 Swiftness                Air            2%         N/A       43%         3
 Ice Form                 Ice/Tmut       11%        N/A       52%         4
 Agony                    Necr           2%         N/A       99%         5
 Silence                  Hex/Air        1%         N/A       99%         5


Dungeon Overview and Level Annotations

Branches:
Dungeon (4/15)
 Temple: D:4-7

Altars:
Okawaru

Shops:
D:2 ?


Innate Abilities, Weirdness & Mutations

You cannot wear most types of armour.
You are amphibious.
You can wear up to eight rings at the same time.
Your skin changes colour to match your surroundings (Stealth+).
Your rubbery body absorbs attacks. (AC +1, EV +1)
((You are camouflaged when in or above water. (Stealth+)))
You have tentacles for arms and can constrict up to eight enemies at once.


Message History

You barely miss the gnoll. The gnoll closely misses you.
The gnoll completely misses you.
You hit the gnoll.
The gnoll is poisoned.
The gnoll is moderately wounded.
The gnoll misses you. The gnoll completely misses you.
You hit the gnoll.
The gnoll is heavily wounded.
The gnoll barely misses you. The gnoll misses you.
The gnoll attacks as you move away! The gnoll misses you.
The gnoll attacks as you move away! The gnoll closely misses you.
The gnoll completely misses you. x2
Your transformation is almost over.
The gnoll misses you. The gnoll closely misses you.
You hit the gnoll but do no damage.
The gnoll is severely wounded.
You hear the slow rusting of a very distant drain.
The gnoll barely misses you. x2
You barely miss the gnoll. The gnoll closely misses you. x2
You hit the gnoll.
The gnoll is moderately wounded.
The gnoll misses you. x2
You hit the gnoll.
The gnoll is severely wounded.
You kill the gnoll!
The gnoll hits you with a +0 halberd!
* * * LOW HITPOINT WARNING * * *
The gnoll hits you with a +0 halberd.
* * * LOW HITPOINT WARNING * * *
You see here a +0 halberd.
The gnoll completely misses you.
You hit the gnoll but do no damage.
The gnoll is severely wounded.
The gnoll closely misses you.
You hit the gnoll but do no damage.
The gnoll is poisoned.
The gnoll is severely wounded.
Your transformation has ended.
The +4 mace "Gaoporr" {flame, *Noise rPois Int+3} unmelds from your body.
The +4 mace "Gaoporr" {flame, *Noise rPois Int+3} bursts into flame!
The gnoll hits you with a +0 halberd!
You die...

######## #....#...
#.##†#.######
#.#..........
..##.#...(.....# #####
............... ......
#######.#†........ .....$
........#..#.#######.##...
....$...).....@)..........
........####...g..........
.......## #####.........#
....... #....<.......
###.### #.#.........# #.
#...........# .
###.......... #
######..... $....


You could see a gnoll (very poisoned).

Vanquished Creatures
  A hound (D:3)
  7 adders
  2 gnolls (D:4)
  2 worms (D:2)
  3 bats
  An endoplasm (D:2)
  3 giant cockroaches
  8 goblins
  4 hobgoblins
  4 jackals (D:1)
  2 quokkas
  3 ball pythons
  5 kobolds
  7 rats
52 creatures vanquished.

Vanquished Creatures (others)
  5 plants (D:1)
5 creatures vanquished.

Grand Total: 57 creatures vanquished

Notes
Turn   | Place    | Note
-------+----------+-------------------------------------------
     0 | D:1      | siradein the Octopode Transmuter began the quest for the
                  | Orb.
     0 | D:1      | Reached XP level 1. HP: 13/13 MP: 3/3
    55 | D:1      | Reached XP level 2. HP: 2/18 MP: 5/5
   314 | D:1      | Learned a level 2 spell: Wereblood
   372 | D:1      | Reached skill level 3 in Transmutations
   971 | D:1      | Reached XP level 3. HP: 22/23 MP: 4/6
   975 | D:1      | Learned a level 3 spell: Spider Form
  1420 | D:2      | Reached skill level 1 in Poison Magic
  1479 | D:2      | Identified the +4 mace "Gaoporr" {flame, *Noise rPois
                  | Int+3}
  1528 | D:2      | Found an iron altar of Okawaru.
  1584 | D:2      | Found a faded altar of an unknown god.
  1618 | D:2      | Found Enyetua's Magic Scroll Emporium.
  1626 | D:2      | Bought a scroll of identify for 22 gold pieces
  1749 | D:2      | Reached XP level 4. HP: 28/28 MP: 5/7
  2240 | D:3      | Reached skill level 4 in Transmutations
  2669 | D:3      | Reached XP level 5. HP: 23/33 MP: 6/8
  3111 | D:4      | Slain by a gnoll

Illustrated notes

Levels and vault maps discovered:
D:1:      roderic_octagonal_star, layout_basic, serial_forest,
          infiniplex_forest_clump_curved, infiniplex_forest_lined_2,
          infiniplex_forest_clump_tiny, infiniplex_forest_lined_room_,
          infiniplex_forest_lined_2, infiniplex_forest_clump_small,
          infiniplex_forest_clump_long, minmay_crystal_room,
          corexii_corridor_pit, minmay_misc_feat_rugged,
          minmay_misc_feat_diagonals
D:2:      layout_basic, basic_ecumenical_altar, basic_altar, serial_shops,
          nicolae_shop_advertising_works [nicolae_subvault_shop_adworks],
          dk_vineyard_3
D:3:      layout_basic
D:4:      layout_basic, portal_sewer_entry_b, dreamdust_gnoll_farm

Skill      XL: |  1  2  3  4 |
---------------+-------------+-----
Transmutations | 3 4 |  4.5
Poison Magic   | 1 3 |  3.4
Fighting       | |  1.0
Dodging        | |  2.0
Unarmed Combat | |  3.0
Spellcasting   | |  2.0

Action                   |  1- 3 |  4- 6 || total
-------------------------+-------+-------++-------
Melee: Unarmed           |    52 |    14 ||    66
       Constrict         |    15 |     6 ||    21
       Tentacles         |    10 |     5 ||    15
       Punch             |     3 |       ||     3
       Kick              |    11 |     7 ||    18
       Mace              |     9 |    35 ||    44
 Cast: Beastly Appendage |    19 |    15 ||    34
       Spider Form       |       |     1 ||     1
  Use: Scroll            |     4 |       ||     4
 Stab: Sleeping          |     5 |     3 ||     8
Armor: Skin              |     2 |     5 ||     7
Dodge: Dodged            |    39 |    50 ||    89

Table legend: (Time is in decaauts)
 A = Elapsed time spent in this place.
 B = Non-inter-level travel time spent in this place.
 C = Inter-level travel time spent in this place.
 D = Time resting spent in this place.
 E = Time spent auto-exploring this place.
 F = Levels seen in this place.
 G = Mean time per level.
                   A        B        C        D        E       F      G
               +--------+--------+--------+--------+--------+-----+--------+
         Total |   3123 |   3051 |     72 |      0 |   2639 |   4 |  780.8 |
       Dungeon |   3123 |   3051 |     72 |      0 |   2639 |   4 |  780.8 |
               +--------+--------+--------+--------+--------+-----+--------+

Top non-repeatable levels by time:
     D:1: 1294 daAuts
     D:3: 979 daAuts
     D:2: 794 daAuts
     D:4: 56 daAuts
